 Dungeon Crawl Stone Soup version 0.21.1-1-g345015f (webtiles) character file.

98 goulibeur the Distorting Demonspawn (level 4, -1/35 HPs)
             Began as a Demonspawn Abyssal Knight on July 12, 2018.
             Was a Believer of Lugonu.
             Slain by Grinder (7 damage)
             ... on level 3 of the Dungeon.
             The game lasted 00:12:41 (2846 turns).

goulibeur the Distorting Demonspawn (DsAK)          Turns: 2846, Time: 00:12:42

Health: -1/35      AC:  5    Str: 12    XL:     4   Next: 43%
Magic:  7/7        EV: 11    Int: 13    God:    Lugonu [**....]
Gold:   94         SH:  0    Dex: 14    Spells: 3/3 levels left

rFire    . . .     SeeInvis .   a - +1 short sword
rCold    . . .     Gourm    .   (no shield)
rNeg     . . .     Faith    .   p - +0 ring mail
rPois    .         Spirit   .   (helmet restricted)
rElec    .         Reflect  .   (no cloak)
rCorr    +         Harm     .   (no gloves)
MR       .....                  (no boots)
Stlth    ++........             (no amulet)
HPRegen  0.11/turn              o - ring of resist corrosion
MPRegen  0.10/turn              (no ring)

@: no status effects
A: horns 1, nightstalker 1, spiny 1
a: Depart the Abyss, Bend Space, Renounce Religion


You were on level 3 of the Dungeon.
You worshipped Lugonu.
Lugonu was pleased with you.
You were not hungry.

You visited 1 branch of the dungeon, and saw 3 of its levels.
You visited the Abyss 1 time.

You collected 94 gold pieces.

Inventory:

Hand Weapons
 a - a +1 short sword (weapon)
Armour
 b - a +0 leather armour
 p - a +0 ring mail (worn)
Jewellery
 o - a ring of resist corrosion (left hand)
Scrolls
 d - 2 scrolls of teleportation {unknown}
 e - 2 scrolls of magic mapping {unknown}
 f - a scroll of random uselessness {unknown}
 i - 2 scrolls of remove curse {unknown}
 k - a scroll of fog {unknown}
 q - 4 scrolls of identify {unknown}
Potions
 g - a potion of ambrosia {unknown}
 h - 2 potions of flight {unknown}
 j - a potion of curing {unknown}
 l - a potion of degeneration {unknown}
 m - 4 potions of haste {unknown}
Comestibles
 c - 5 rations
 n - 3 chunks of flesh


   Skills:
 + Level 3.5 Fighting
 - Level 1.7 Short Blades
 + Level 2.4 Armour
 + Level 1.7 Dodging
 * Level 4.3 Invocations


You had 3 spell levels left.
You didn't know any spells.

Dungeon Overview and Level Annotations

Branches:
Dungeon (3/15)

Altars:
Qazlal

Annotations:
D:3 Grinder


Innate Abilities, Weirdness & Mutations

You have a pair of small horns on your head.
You are slightly more attuned to the shadows.
You are partially covered in sharp spines.


Message History

An orc priest comes into view. It is wielding a hand axe.
The orc priest shouts!
The orc priest moves out of view.
An orc priest comes into view. It is wielding a falchion.
An orc wizard comes into view. It is wielding a club.
The orc priest shouts!
Grinder says, "Are you a fish?" Grinder gestures at you.
Pain shoots through your body!
The orc priest miscasts a cantrip.
You hit Grinder.
Grinder is lightly wounded.
Grinder barely misses you.
You closely miss Grinder.
Grinder is lightly wounded.
The orc priest mumbles some strange prayers to Beogh against you.
Beogh smites you!
* * * LOW HITPOINT WARNING * * *
Grinder hits you!
You die...

#. ...# #.
#..# #o###..#
#.#...o#
#.#.##o#
#.#.##.# #..
#..o5@.# #..
###.#########
#..
#.....ยง...#
..
#########.#
### #.
#.####.## #.
#....5#.###)
######......
######.
#####.


You could see Grinder, an orc priest, an orc wizard and an orc.

Vanquished Creatures
  4 adders
  2 worms (D:2)
  3 leopard geckos
  A giant cockroach (D:1)
  7 goblins
  5 hobgoblins
  10 jackals
  A quokka (D:3)
  A ball python (D:1)
  6 bats
  5 frilled lizards
  2 kobolds
  3 rats
50 creatures vanquished.

Notes
Turn   | Place    | Note
-------+----------+-------------------------------------------
     0 | Abyss:1  | goulibeur the Demonspawn Abyssal Knight began the quest for the Orb.
     0 | Abyss:1  | Reached XP level 1. HP: 18/18 MP: 2/2
    52 | Abyss:1  | Noticed a neqoxec
    57 | Abyss:1  | Noticed an iron imp
    59 | D:1      | Escaped the Abyss
   258 | D:1      | Reached skill level 1 in Dodging
   442 | D:1      | Reached * piety under Lugonu
   447 | D:1      | Reached skill level 3 in Invocations
   447 | D:1      | Gained mutation: You are partially covered in sharp spines. [demonic ancestry]
   447 | D:1      | Reached XP level 2. HP: 7/24 MP: 2/4
  1108 | D:1      | Gained mutation: You are slightly more attuned to the shadows. [demonic ancestry]
  1108 | D:1      | Reached XP level 3. HP: 28/29 MP: 5/5
  1935 | D:2      | Found a stormy altar of Qazlal.
  1991 | D:2      | Reached skill level 4 in Invocations
  2003 | D:2      | Gained mutation: You have a pair of small horns on your head. [demonic ancestry]
  2003 | D:2      | Reached XP level 4. HP: 31/35 MP: 7/7
  2594 | D:3      | Reached ** piety under Lugonu
  2817 | D:3      | Noticed Grinder
  2846 | D:3      | Slain by Grinder

Skill      XL: |  1  2  3 |
---------------+----------+-----
Dodging        | 1 |  1.7
Invocations    | 3 4 |  4.3
Armour         | 2 |  2.4
Fighting       | |  3.5
Short Blades   | |  1.7

Action                   |  1- 3 |  4- 6 || total
-------------------------+-------+-------++-------
Melee: Short sword       |    98 |    37 ||   135
       Headbutt          |       |     6 ||     6
Invok: Depart the Abyss  |     1 |       ||     1
 Stab: Sleeping          |     3 |       ||     3
       Distracted        |     1 |     1 ||     2
  Eat: Chunk             |     3 |     3 ||     6
Armor: Leather armour    |    19 |       ||    19
       Ring mail         |     4 |    10 ||    14
Dodge: Dodged            |    36 |    15 ||    51
